 Dungeon Crawl Stone Soup version 0.24.0-13-gcf9b319 (webtiles) character file.

Game seed: 11311186240543122312, levelgen mode: deterministic

731 Bronimir the Stinger (level 8, -7/57 HPs)
             Began as a Formicid Venom Mage on Apr 19, 2020.
             Was an Initiate of Vehumet.
             Mangled by a manticore (12 damage)
             ... on level 7 of the Dungeon.
             The game lasted 00:14:31 (7201 turns).

Bronimir the Stinger (Formicid Venom Mage)          Turns: 7201, Time: 00:14:31

Health: -7/57      AC:  6    Str: 14    XL:     8   Next: 3%
Magic:  2/14       EV: 12    Int: 16    God:    Vehumet [......]
Gold:   173        SH:  0    Dex: 11    Spells: 5/15 levels left

rFire    . . .     SeeInvis +   a - +1 battleaxe
rCold    . . .     Gourm    .   (no shield)
rNeg     . . .     Faith    .   n - +2 leather armour {MR+}
rPois    .         Spirit   .   (helmet unavailable)
rElec    .         Reflect  .   (no cloak)
rCorr    .         Harm     .   z - +0 pair of gloves
MR       +....                  (no boots)
Stlth    ++........             (no amulet)
HPRegen  0.19/turn              (no ring)
MPRegen  0.14/turn              (no ring)

@: barbed spikes
A: permanent stasis, dig shafts and tunnels, four strong arms, antennae 3
a: Dig, Shaft Self, Renounce Religion


You were on level 7 of the Dungeon.
You worshipped Vehumet.
Vehumet was noncommittal.
You were near starving.

You visited 2 branches of the dungeon, and saw 8 of its levels.

You collected 173 gold pieces.

Inventory:

Hand Weapons
 a - a +1 battleaxe (weapon)
 f - a +0 club
 p - a +0 spear
 B - a +0 hand axe
Missiles
 b - 12 poisoned darts (quivered)
 d - 74 arrows
 e - 59 stones
 j - 70 sling bullets
Armour
 i - a +0 leather armour
 n - a +2 leather armour of magic resistance (worn)
 o - a +0 robe
 q - a +0 ring mail
 w - a +0 pair of gloves
 z - a +0 pair of gloves (worn)
Jewellery
 y - an uncursed ring of teleportation
Scrolls
 h - 4 scrolls of identify
 k - 3 scrolls of remove curse
 m - a scroll of immolation
 v - a scroll of amnesia
Potions
 l - 4 potions of curing
 s - 2 potions of might
 u - a potion of haste
Comestibles
 c - 4 rations
 g - 2 chunks of flesh


   Skills:
 + Level 2.4 Fighting
 * Level 3.8(3.9) Axes
 + Level 0.2(2.3) Maces & Flails
 * Level 3.2 Armour
 * Level 2.6 Dodging
 - Level 2.4 Stealth
 * Level 4.0 Spellcasting
 + Level 2.3 Conjurations
 * Level 5.8 Poison Magic


You had 5 spell levels left.
You knew the following spells:

 Your Spells              Type           Power        Failure   Level  Hunger
a - Sting                 Conj/Pois      ###.         3%          1    None
b - Poisonous Vapours     Pois/Air       ##....       10%         2    ##.....
c - Mephitic Cloud        Conj/Pois/Air  ##......     21%         3    ###....
d - Olgreb's Toxic Radia  Pois           ###.....     19%         4    ####...

Your spell library contained the following spells:

 Spells                   Type           Power        Failure   Level  Hunger
 Venom Bolt               Conj/Pois      ###.......   71%         5    ######.


Dungeon Overview and Level Annotations

Branches:
Dungeon (8/15)             Temple (1/1) D:4
   Lair: D:8-11

Altars:
Ashenzari
Cheibriados
Dithmenos
Elyvilon
Fedhas
Gozag
Hepliaklqana
Kikubaaqudgha
Makhleb
Nemelex Xobeh
Okawaru
Qazlal
Ru
Sif Muna
Trog
Uskayaw
Vehumet
Wu Jian
Xom
Yredelemnul
Zin
The Shining One

Annotations:
D:4 Grinder


Innate Abilities, Weirdness & Mutations

You cannot be hasted, slowed, berserked, paralysed or teleported.
You can dig through walls and to a lower floor.
Your four strong arms can wield two-handed weapons with a shield.
You have a pair of large antennae on your head. (SInv)


Message History

Casting: Poisonous Vapours (safe; 10% risk of failure)
Confirm with . or Enter, or press ? or * to list all spells.
Okay, then.
Casting: Poisonous Vapours (safe; 10% risk of failure)
Confirm with . or Enter, or press ? or * to list all spells.
Aiming: Poisonous Vapours (safe; 10% risk of failure)
Press: ? - help, Dir - move target cursor, f - manticore
Aim: a manticore (lightly wounded, poisoned) Poisonous vapours surround the manticore!
Casting: Poisonous Vapours (safe; 10% risk of failure)
Confirm with . or Enter, or press ? or * to list all spells.
Aiming: Sting (safe; 3% risk of failure)
Press: ? - help, Shift-Dir - straight line, f/p - manticore
Aim: a manticore (moderately wounded, poisoned)
The sting hits the manticore.
The manticore is moderately wounded.
The manticore bites you!
* * * LOW HITPOINT WARNING * * *
The manticore misses you. The manticore claws you!
You die...

.. .. .. .##
.. ###.#
#@#'## ##HZ.#
#.....#
#.......#
#.........#
.'.h.......+
###.........#
##.......##
##.....##


You could see a manticore and a hound skeleton.

Vanquished Creatures
  A sky beast (D:7)
  An ogre (D:4)
  A scorpion (D:8)
  A howler monkey (D:8)
  A crimson imp (D:7)
  An orc wizard (D:3)
  A bullfrog skeleton (D:4)
  A hound (D:7)
  2 iguanas
  Natasha (thrice) (D:3)
  2 worker ants
  A howler monkey skeleton (D:3)
  5 gnolls
  2 adders (D:3)
  2 oozes
  An adder skeleton (D:3)
  2 dart slugs
  3 worms
  2 leopard geckos
  5 orcs
  5 bats
  7 giant cockroaches
  7 goblins
  6 hobgoblins
  2 jackals (D:1)
  7 kobolds
  2 quokkas
  5 frilled lizards
  A leopard gecko skeleton (D:7)
  5 rats
85 creatures vanquished.

Notes
Turn   | Place    | Note
-------+----------+-------------------------------------------
     0 | D:1      | Bronimir the Formicid Venom Mage began the quest for the
                  | Orb.
     0 | D:1      | Reached XP level 1. HP: 13/13 MP: 3/3
     2 | D:1      | Noticed an elf
     2 | D:1      | Noticed a dwarf
     4 | D:1      | Noticed a human
     4 | D:1      | Noticed a vampire
     6 | D:1      | Noticed a formicid
     8 | D:1      | Noticed an octopode
    10 | D:1      | Noticed a ghoul
    10 | D:1      | Noticed a felid
    12 | D:1      | Noticed a minotaur
    12 | D:1      | Noticed a draconian
    14 | D:1      | Noticed a merfolk
    14 | D:1      | Noticed an ogre
    16 | D:1      | Noticed a demonspawn
    16 | D:1      | Noticed a halfling
    18 | D:1      | Noticed a troll
    18 | D:1      | Noticed a vine stalker
    20 | D:1      | Noticed a centaur
    22 | D:1      | Noticed a tengu
    24 | D:1      | Noticed a naga
    24 | D:1      | Noticed a spriggan
    26 | D:1      | Noticed a demigod
    26 | D:1      | Noticed a gargoyle
    57 | D:1      | Reached skill level 1 in Conjurations
   223 | D:1      | Reached XP level 2. HP: 2/20 MP: 0/5
   553 | D:1      | Learned a level 2 spell: Poisonous Vapours
   944 | D:1      | Reached XP level 3. HP: 20/25 MP: 6/6
   970 | D:1      | Reached skill level 1 in Armour
  1627 | D:2      | Learned a level 3 spell: Mephitic Cloud
  1820 | D:2      | Reached skill level 1 in Fighting
  1860 | D:1      | Reached XP level 4. HP: 8/32 MP: 0/7
  2111 | D:2      | Reached skill level 1 in Axes
  2889 | D:2      | Reached XP level 5. HP: 30/37 MP: 2/9
  3146 | D:3      | Reached skill level 5 in Poison Magic
  3165 | D:3      | Noticed Natasha
  3184 | D:3      | Killed Natasha
  3736 | D:4      | Noticed an ogre
  3748 | D:4      | Killed an ogre
  3748 | D:4      | Reached XP level 6. HP: 13/44 MP: 3/11
  3848 | D:4      | Noticed Grinder
  4363 | D:3      | Noticed Natasha
  4381 | D:3      | Killed Natasha
  4777 | D:3      | Noticed Natasha
  4792 | D:3      | Killed Natasha
  4895 | D:4      | Found a staircase to the Ecumenical Temple.
  4961 | Temple   | Entered the Ecumenical Temple
  5300 | Temple   | Became a worshipper of Vehumet
  5350 | D:4      | Found an opulent altar of Gozag.
  5439 | D:4      | Learned a level 4 spell: Olgreb's Toxic Radiance
  5462 | D:4      | Reached XP level 7. HP: 21/49 MP: 12/12
  6011 | D:5      | Entered Level 5 of the Dungeon
  6270 | D:4      | You fall into a shaft and drop 3 floors!
  6923 | D:7      | You fall into a shaft and drop 1 floor!
  7149 | D:8      | Noticed a two-headed ogre
  7193 | D:7      | Noticed a manticore
  7199 | D:7      | Reached XP level 8. HP: 18/57 MP: 5/14
  7201 | D:7      | Mangled by a manticore

Levels and vault maps discovered:
D:1:      kb_arrival_jail, layout_basic
D:2:      layout_basic, first_ration, interstate_on_off
D:3:      layout_basic, minmay_misc_feat_tiny, uniq_natasha
D:4:      layout_basic, grunt_gozag_statues, minmay_temple_entry_glassed_door,
          minmay_misc_feat_x, uniq_grinder
D:5:      layout_gridville, hangedman_decor_slide_cut
D:7:      layout_loops_corners, serial_shops, shop, shop, kennysheep_little_box,
          shop_coins, nicolae_shop_behind_doors, basic_altar
D:8:      minmay_the_grid_square_5x5_3x3 [minmay_the_grid_square_5x5_slash,
          minmay_the_grid_square_5x5_longway, minmay_the_grid_square_5x5_two,
          minmay_the_grid_square_5x5_gyroscope,
          minmay_the_grid_square_5x5_megaprize_crossed,
          minmay_the_grid_square_5x5_c, minmay_the_grid_square_5x5_spiral_small,
          minmay_the_grid_square_5x5_checkered_statues,
          minmay_the_grid_square_5x5_spiral], layout_gridville, serial_shops,
          nicolae_shop_trees
Temple:   roderic_octagonal_lattice_temple

Skill      XL: |  1  2  3  4  5  6  7 |
---------------+----------------------+-----
Conjurations   | 1 2 |  2.3
Armour         | 1 2 3 |  3.2
Fighting       | 1 2 |  2.4
Axes           | 1 2 3 |  3.8
Spellcasting   | 3 4 |  4.0
Dodging        | 2 |  2.6
Poison Magic   | 5 |  5.8
Maces & Flails | |  0.2
Stealth        | |  2.4

Action                   |  1- 3 |  4- 6 |  7- 9 || total
-------------------------+-------+-------+-------++-------
Melee: Unarmed           |    21 |       |       ||    21
       Club              |    20 |       |       ||    20
       Hand axe          |    29 |   166 |     4 ||   199
       Battleaxe         |       |       |    55 ||    55
 Cast: Sting             |    24 |       |     2 ||    26
       Poisonous Vapours |    11 |    27 |     7 ||    45
       Mephitic Cloud    |       |     3 |     1 ||     4
       Olgreb's Toxic Ra |       |       |     3 ||     3
 Abil: Dig               |       |     4 |     4 ||     8
       Shaft Self        |       |       |     2 ||     2
  Use: Potion            |       |     1 |     2 ||     3
       Scroll            |       |       |     9 ||     9
 Stab: Sleeping          |     1 |     5 |       ||     6
       Confused          |       |     3 |     1 ||     4
  Eat: Chunk             |     1 |    11 |       ||    12
       Ration            |     1 |     1 |     2 ||     4
Armor: Robe              |    11 |       |       ||    11
       Leather armour    |    33 |    53 |    17 ||   103
Dodge: Dodged            |    76 |   114 |    45 ||   235
